 Dungeon Crawl Stone Soup version 0.29-a0-275-g389c0b56f3 (webtiles) character file.

Game seed: 7143255524949450165

477 Ordine the Slasher (level 7, 0/43 HPs)
             Began as a Tengu Warper on Mar 9, 2022.
             Was an Initiate of Okawaru.
             Killed by divine providence
             ... invoked by an orc priest
              (15 damage)
             ... on level 4 of the Dungeon.
             The game lasted 00:07:24 (4203 turns).

Ordine the Slasher (Tengu Warper)                   Turns: 4203, Time: 00:07:28

Health: 0/43       AC:  5    Str: 11    XL:     7   Next: 11%
Magic:  11/11      EV: 14    Int: 14    God:    Okawaru [......]
Gold:   21         SH:  0    Dex: 21    Spells: 8/10 levels left

rFire   + . .      SeeInvis .   a - +0 falchion
rCold   + . .      Faith    .   (no shield)
rNeg    . . .      Spirit   .   m - +2 leather armour {rC+}
rPois   .          Reflect  .   (helmet restricted)
rElec   .          Harm     .   (no cloak)
rCorr   .          Rampage  .   (no gloves)
Will    .....                   (boots unavailable)
Stlth   ++........              (no amulet)
HPRegen 0.14/turn               k - +6 ring of dexterity
MPRegen 0.12/turn               w - ring of protection from fire

@: flying quickly and evasively, quick
A: beak, talons 3, nimble flight
a: Renounce Religion


You were on level 4 of the Dungeon.
You worshipped Okawaru.
Okawaru was noncommittal.
You visited 2 branches of the dungeon, and saw 5 of its levels.

You collected 107 gold pieces.
You spent 86 gold pieces at shops.

Inventory:

Hand Weapons
 a - a +0 falchion (weapon)
 y - the +3 flail of Vanity {flame, rPois rCorr Dex-2 Stlth+}
   (You found it on level 4 of the Dungeon)

   It burns those it strikes, dealing additional fire damage.
   Dex:       It affects your dexterity (-2).
   rPois:     It protects you from poison.
   rCorr:     It protects you from acid and corrosion.
   Stlth:     It makes you more stealthy.
Missiles
 d - 2 boomerangs of dispersal
 e - 8 poisoned darts
 x - a throwing net
 A - 4 boomerangs (quivered)
Armour
 m - a +2 leather armour of cold resistance (worn)
Jewellery
 k - a +6 ring of dexterity (left hand)
 w - a ring of protection from fire (right hand)
Wands
 g - a wand of paralysis (5)
 q - a wand of polymorph (15)
Scrolls
 b - a scroll of amnesia {unknown}
 c - a scroll of blinking
 h - a scroll of identify {unknown}
 i - 2 scrolls of teleportation {unknown}
 j - a scroll of noise {unknown}
 l - a scroll of acquirement {unknown}
 o - 2 scrolls of vulnerability {unknown}
 r - a scroll of magic mapping {unknown}
 s - a scroll of fog {unknown}
 t - a scroll of immolation {unknown}
 v - a scroll of enchant weapon {unknown}
 z - a scroll of summoning {unknown}
 B - a scroll of fear {unknown}
Potions
 f - 2 potions of attraction {unknown}
 n - 2 potions of berserk rage {unknown}
 p - 3 potions of lignification {unknown}
 u - a potion of degeneration {unknown}


   Skills:
 + Level 4.0 Fighting
 * Level 6.0 Long Blades
 + Level 3.5 Throwing
 - Level 1.1 Armour
 - Level 2.1 Dodging
 - Level 2.0 Spellcasting
 - Level 2.4 Translocations


You had 8 spell levels left.
You knew the following spells:

 Your Spells              Type           Power      Damage    Failure   Level
a - Blink                 Tloc           16%        N/A       19%         2

Your spell library contained the following spells:

 Spells                   Type           Power      Damage    Failure   Level
 Apportation              Tloc           16%        N/A       12%         1
 Freeze                   Ice            4%         1d3       30%         1
 Slow                     Hex            4%         N/A       30%         1
 Sting                    Tmut/Pois      4%         1d3       30%         1
 Gell's Gravitas          Tloc           8%         N/A       34%         3
 Lesser Beckoning         Tloc           8%         N/A       34%         3
 Teleport Other           Tloc           8%         N/A       34%         3
 Poisonous Vapours        Pois/Air       2%         N/A       43%         2
 Confusing Touch          Hex            1%         N/A       67%         3
 Dazzling Flash           Conj/Hex       2%         N/A       67%         3
 Frozen Ramparts          Ice            2%         1d2       67%         3
 Vampiric Draining        Necr           1%         2d6       67%         3
 Iskenderun's Mystic Bla  Conj/Tloc      4%         2d3       88%         4
 Hailstorm                Conj/Ice       1%         3d3       97%         4
 Olgreb's Toxic Radiance  Pois           1%         N/A       97%         4
 Manifold Assault         Tloc           8%         N/A       97%         5
 Alistair's Intoxication  Tmut/Pois      0%         N/A       100%        5
 Starburst                Conj/Fire      0%         6d3       100%        6


Dungeon Overview and Level Annotations

Branches:
Dungeon (4/15)             Temple (1/1) D:4

Altars:
Cheibriados
Elyvilon
Fedhas
Hepliaklqana
Kikubaaqudgha
Makhleb
Nemelex Xobeh
Okawaru
Qazlal
Ru
Sif Muna
Trog
Uskayaw
Vehumet
Xom
The Shining One

Shops:
D:3 *


Innate Abilities, Weirdness & Mutations

You have a beak for a mouth.
You have claws for feet.
Your magical nature lets you fly swiftly and evasively.


Message History

You kill the orc!
Okawaru accepts your kill.
You barely miss the gnoll shaman.
You claw the gnoll shaman, but do no damage.
The gnoll shaman hits you with a +3 whip!
You hit the gnoll shaman.
The gnoll shaman is moderately wounded.
The gnoll shaman barely misses you.
You hit the gnoll shaman.
The gnoll shaman is heavily wounded.
The gnoll shaman closely misses you.
The orc priest looks braver for a moment.
You hit the gnoll shaman. You claw the gnoll shaman.
Your peck misses the gnoll shaman.
The gnoll shaman is severely wounded.
The gnoll shaman calls down the wrath of its god upon you.
You resist with some effort.
You hit the gnoll shaman but do no damage.
The gnoll shaman is severely wounded.
The gnoll shaman hits you with a +3 whip!
You are too injured to fight recklessly!
You are too injured to fight recklessly!
You barely miss the gnoll shaman.
You claw the gnoll shaman, but do no damage.
The gnoll shaman is severely wounded.
The gnoll shaman mumbles some strange prayers to its god.
The gnoll shaman is healed somewhat.
You hit the gnoll shaman. You claw the gnoll shaman.
You kill the gnoll shaman!
Okawaru accepts your kill.
An ufetubus comes into view.
Your Fighting skill increases to level 4!
Your Long Blades skill increases to level 6!
The ufetubus shouts!
You slash the orc!
You kill the orc!
Okawaru accepts your kill.
The orc priest calls down the wrath of Beogh upon you.
Beogh smites you!
You die...

#..# #.# #..#
#.### #..# #...#
### #### ###.#
..# #.# ###
##.## . ##...##
....#####.#.#.##
#.oo)@)...##.#
#.5####.###.## #
##.#.## ##.##
###


You could see an orc priest, an orc and an ufetubus.

Vanquished Creatures
  An ogre (D:3)
  A scorpion (D:4)
  A gnoll shaman (D:4)
  A jelly (D:4)
  2 orc priests (D:4)
  Jessica (D:3)
  An orc wizard (D:4)
  3 adders
  3 gnolls (D:4)
  A worm (D:4)
  9 orcs (D:4)
  6 bats
  7 endoplasms
  4 giant cockroaches
  10 hobgoblins
  6 jackals
  9 kobolds
  5 quokkas
  8 ball pythons
  6 frilled lizards
  11 goblins
  7 rats
103 creatures vanquished.

Vanquished Creatures (others)
  18 plants (D:4)
18 creatures vanquished.

Grand Total: 121 creatures vanquished

Notes
Turn   | Place    | Note
-------+----------+-------------------------------------------
     0 | D:1      | Ordine the Tengu Warper began the quest for the Orb.
     0 | D:1      | Reached XP level 1. HP: 12/12 MP: 4/4
    82 | D:1      | Reached XP level 2. HP: 10/17 MP: 6/6
   116 | D:1      | Learned a level 2 spell: Blink
   871 | D:1      | Reached skill level 3 in Long Blades
   944 | D:1      | Reached XP level 3. HP: 22/22 MP: 7/7
  1936 | D:2      | Reached XP level 4. HP: 27/27 MP: 8/8
  2555 | D:3      | Reached skill level 4 in Long Blades
  2566 | D:3      | Noticed Jessica
  2579 | D:3      | Killed Jessica
  2601 | D:3      | Noticed an ogre
  2611 | D:3      | Killed an ogre
  2612 | D:3      | Gained mutation: Your magical nature lets you fly swiftly
                  | and evasively. [Tengu growth]
  2612 | D:3      | Reached XP level 5. HP: 32/32 MP: 9/9
  2714 | D:3      | Found Etuotyvi's Assorted Antiques.
  2722 | D:3      | Bought a puce potion for 20 gold pieces
  2722 | D:3      | Bought an amethyst potion for 20 gold pieces
  2722 | D:3      | Bought a scroll labelled WUUMEE TEOHU for 23 gold pieces
  2722 | D:3      | Bought a scroll labelled TOAFOU MERPHE for 23 gold pieces
  3056 | D:4      | Reached skill level 5 in Long Blades
  3056 | D:4      | Reached XP level 6. HP: 37/37 MP: 10/10
  3187 | D:4      | Found a bloodstained altar of Trog.
  3239 | D:4      | Found a staircase to the Ecumenical Temple.
  3248 | Temple   | Entered the Ecumenical Temple
  3384 | Temple   | Became a worshipper of Warmaster Okawaru
  3732 | D:4      | Identified the +3 flail of Vanity {flame, rPois rCorr Dex-2
                  | Stlth+}
  4189 | D:4      | Reached XP level 7. HP: 41/42 MP: 11/11
  4203 | D:4      | Reached skill level 6 in Long Blades
  4203 | D:4      | Killed from afar by an orc priest

Illustrated notes

Levels and vault maps discovered:
D:1:      lemuel_arrival_room, layout_basic
D:2:      cheibrodos_old_hovel, layout_loops_cross
D:3:      layout_loops_ring, serial_shops, nicolae_shop_advertising_works
          [nicolae_subvault_shop_adworks], uniq_jessica
D:4:      layout_loops_ring, trog_hazing_becter, minmay_temple_entry_junction,
          serial_bayou_lagoon_a, minmay_misc_feat_columns, grunt_ministairs_2,
          pf_guarded_unrand_meek
Temple:   regret_index_temple_waves

Skill      XL: |  1  2  3  4  5  6  7 |
---------------+----------------------+-----
Long Blades    | 3 4 5 6 |  6.0
Throwing       | 2 3 |  3.5
Fighting       | 3 4 |  4.0
Armour         | |  1.1
Dodging        | |  2.1
Spellcasting   | |  2.0
Translocations | |  2.4

Action                   |  1- 3 |  4- 6 |  7- 9 || total
-------------------------+-------+-------+-------++-------
Melee: Falchion          |   104 |   115 |    14 ||   233
       Kick              |    20 |    37 |     6 ||    63
       Peck              |    14 |    18 |     1 ||    33
       Punch             |     2 |       |       ||     2
       Unarmed           |       |     4 |       ||     4
Throw: Dart              |       |     9 |       ||     9
       Boomerang         |       |     8 |       ||     8
Evoke: Wand              |       |     2 |       ||     2
 Stab: Sleeping          |     2 |     5 |       ||     7
       Paralysed         |       |     1 |       ||     1
Armor: Leather armour    |    32 |    24 |     1 ||    57
Dodge: Dodged            |    61 |    92 |     3 ||   156

Table legend: (Time is in decaauts)
 A = Elapsed time spent in this place.
 B = Non-inter-level travel time spent in this place.
 C = Inter-level travel time spent in this place.
 D = Time resting spent in this place.
 E = Time spent auto-exploring this place.
 F = Levels seen in this place.
 G = Mean time per level.
                   A        B        C        D        E       F      G
               +--------+--------+--------+--------+--------+-----+--------+
         Total |   4133 |   4071 |     62 |    262 |   3122 |   5 |  826.6 |
       Dungeon |   3991 |   3945 |     46 |    262 |   3015 |   4 |  997.8 |
        Temple |    141 |    125 |     16 |      0 |    106 |   1 |  141.0 |
               +--------+--------+--------+--------+--------+-----+--------+

Top non-repeatable levels by time:
     D:1: 1393 daAuts
     D:2: 998 daAuts
     D:4: 994 daAuts
     D:3: 605 daAuts
  Temple: 141 daAuts
